 Dungeon Crawl Stone Soup version 0.28.0-1-gb440e238dd (webtiles) character file.

Game seed: 3316599164953965513

23 fknight the Sneak (level 2, 0/27 HPs)
             Began as a Hill Orc Delver on Feb 27, 2022.
             Succumbed to an orc's poison
             ... on level 4 of the Dungeon.
             The game lasted 00:02:30 (470 turns).

fknight the Sneak (Hill Orc Delver)                  Turns: 470, Time: 00:02:31

Health: 0/27       AC:  6    Str: 14    XL:     2   Next: 95%
Magic:  2/2        EV: 11    Int: 10    God:
Gold:   0          SH:  0    Dex: 12    Spells: 1/1 levels left

rFire   . . .      SeeInvis .   a - +0 hand axe
rCold   . . .      Faith    .   (no shield)
rNeg    . . .      Spirit   .   j - +3 leather armour
rPois   .          Reflect  .   (no helmet)
rElec   .          Harm     .   (no cloak)
rCorr   .          Rampage  .   (no gloves)
Will    .....                   (no boots)
Stlth   ++........              (no amulet)
HPRegen 0.09/turn               (no ring)
MPRegen 0.08/turn               (no ring)

@: lethally poisoned (0 -> -1), hasted, very quick
A: no striking features
a: no special abilities


You were on level 4 of the Dungeon.
You visited 1 branch of the dungeon, and saw 2 of its levels.

Inventory:

Hand Weapons
 a - a +0 hand axe (weapon)
Missiles
 h - 19 stones (quivered)
Armour
 b - a +0 leather armour
 j - a +3 leather armour (worn)
Wands
 g - a wand of digging (3)
Scrolls
 c - a scroll of fog
 d - a scroll of magic mapping
 e - a scroll of fear
 i - a scroll of vulnerability {unknown}
Potions
 f - a potion of haste


   Skills:
 + Level 4.0 Fighting
 + Level 3.2 Axes
 + Level 1.9 Dodging
 + Level 4.2 Stealth


You had one spell level left.
You didn't know any spells.
Your spell library was empty.

Dungeon Overview and Level Annotations

Branches:
Dungeon (5/15)             Temple (0/1) D:5

Altars:
Cheibriados


Message History

You continue putting on your +3 leather armour. x5
You finish putting on your +3 leather armour.
An orc comes into view. It is wielding a +0 dagger.
The orc closely misses you.
You hit the orc.
The orc is almost dead.
The orc hits you but does no damage.
You are lethally poisoned!
You hit the orc.
You kill the orc!
* * * LOW HITPOINT WARNING * * *
You feel sick.
* * * LOW HITPOINT WARNING * * *
You feel sick.
Items here: $ ) [ †.
Okay, then.
Found a stone staircase leading up.
You hit the orc but do no damage.
* * * LOW HITPOINT WARNING * * *
You feel sick. The orc barely misses you.
You hit the orc.
The orc is heavily wounded.
You hit the orc.
* * * LOW HITPOINT WARNING * * *
You feel sick.
You hit the orc but do no damage.
The orc is heavily wounded.
You hit the orc.
You kill the orc!
The orc hits you but does no damage.
Your Fighting skill increases to level 4!
You hit the orc.
You kill the orc!
* * * LOW HITPOINT WARNING * * *
You feel sick.
* * * LOW HITPOINT WARNING * * *
You feel sick.
Things that are here:
a +0 dagger; a +0 ring mail You die...

### .# ..##.
##.... ....
#..# #..# #
#######..#.#
#......)@.<#
#.#####.####
#)# #.#####.#
........#
#.#####)#
#.#####.######
#............#
#######.####.#


There were no monsters in sight!

Vanquished Creatures
  A white imp (D:5)
  A dart slug (D:5)
  6 orcs (D:4)
  A goblin (D:4)
9 creatures vanquished.

Notes
Turn   | Place    | Note
-------+----------+-------------------------------------------
     0 | D:5      | fknight the Hill Orc Delver began the quest for the Orb.
     0 | D:5      | Reached XP level 1. HP: 19/19 MP: 1/1
    67 | D:5      | Found a staircase to the Ecumenical Temple.
    79 | D:5      | Noticed a black bear
   145 | D:5      | Found a snail-covered altar of Cheibriados.
   161 | D:5      | Reached XP level 2. HP: 15/27 MP: 2/2
   300 | D:5      | Noticed an ogre
   469 | D:4      | HP: 1/27 [poisoned by an orc]
   470 | D:4      | Succumbed to an orc's poison

Illustrated notes

Levels and vault maps discovered:
D:4:      layout_loops_ring, nicolae_elyvilon_temple_path
D:5:      layout_basic, kennysheep_slug_shrine,
          minmay_temple_entry_statues_pillars, serial_shops,
          nicolae_inconvenience_store,
          nicolae_shop_temple_entry_statues_fountains, kennysheep_mini_moat,
          nicolae_shop_trees

Skill      XL: |  1  2 |
---------------+-------+-----
Axes           | 3 |  3.2
Fighting       | 4 |  4.0
Dodging        | |  1.9
Stealth        | |  4.2

Action                   || total
-------------------------++-------
Melee: Hand axe          ||    40
  Use: Potion            ||     1
Armor: Leather armour    ||    11
Dodge: Dodged            ||    17
